 Dungeon Crawl Stone Soup version 0.32-a0-814-g0968bab981 (webtiles) character file.

Game seed: 14224579223249717526

245 GloriousHammer the Firebug (level 5, -4/38 HPs)
             Began as a Mountain Dwarf Fire Elementalist on Mar 22, 2024.
             Was a Priest of Cheibriados.
             Slain by a gnoll
             ... wielding a +0 spear
              (7 damage)
             ... on level 3 of the Dungeon.
             The game lasted 00:06:06 (3606 turns).

GloriousHammer the Firebug (MDFE)                   Turns: 3606, Time: 00:06:07

Health: -4/38      AC:  9    Str: 19    XL:     5   Next: 83%
Magic:  0/9        EV: 10    Int: 21    God:    Cheibriados [***...]
Gold:   135        SH:  0    Dex: 16    Spells: 4/10 levels left

rFire   . . .        k - +0 dagger (venom)
rCold   . . .        (no shield)
rNeg    . . .        g - +0 ring mail
rPois   .            m - +0 helmet
rElec   .            (no cloak)
rCorr   .            d - +0 pair of gloves
SInv    .            i - +0 pair of boots
Will    .....        (no amulet)
Stlth   +            (no ring)
HPRegen 0.26/turn    (no ring)
MPRegen 0.11/turn

%: no passive effects
@: very slow
A: runic magic, artefact enchanting
a: Renounce Religion, Bend Time, Temporal Distortion


You were on level 3 of the Dungeon.
You worshipped Cheibriados.
Cheibriados was most pleased with you.
You visited 1 branch of the dungeon, and saw 3 of its levels.

You collected 135 gold pieces.

Inventory:

Hand Weapons
 h - a +0 dagger
 j - a +0 mace
 k - a +0 dagger of venom (weapon)
 l - a +0 sling
 r - a +3 whip of holy wrath
Missiles
 e - 6 poisoned darts
Armour
 a - a +0 robe
 d - a +0 pair of gloves (worn)
 g - a +0 ring mail (worn)
 i - a +0 pair of boots (worn)
 m - a +0 helmet (worn)
Scrolls
 c - 2 scrolls of fog {unknown}
 f - a scroll of amnesia {unknown}
 o - a scroll of teleportation {unknown}
 p - a scroll of identify {unknown}
 u - 2 scrolls of vulnerability {unknown}
Potions
 q - a potion of berserk rage {unknown}
 s - a potion of might {unknown}
 t - a potion of ambrosia {unknown}
 v - a potion of lignification {unknown}


   Skills:
 + Level 2.9 Armour
 - Level 1.4 Dodging
 - Level 1.4 Stealth
 + Level 3.0 Spellcasting
 - Level 1.9 Conjurations
 + Level 1.5 Hexes
 + Level 5.0 Fire Magic


You had 4 spell levels left.
You knew the following spells:

 Your Spells              Type           Power      Damage    Failure   Level
a - Foxfire               Conj/Fire      72%        2x1d7     3%          1
b - Scorch                Fire           48%        2d7       2%          2
c - Inner Flame           Hex/Fire       17%        N/A       11%         3

Your spell library contained the following spells:

 Spells                   Type           Power      Damage    Failure   Level
 Ensorcelled Hibernation  Hex/Ice        12%        N/A       16%         2
 Volatile Blastmotes      Fire/Tloc      26%        2d12      16%         3
 Mercury Vapours          Alch/Air       6%         N/A       22%         2
 Mephitic Cloud           Conj/Alch/Air  5%         N/A       34%         3
 Flame Wave               Conj/Fire      18%        2d7       34%         4
 Passwall                 Erth           3%         N/A       41%         3
 Swiftness                Air            3%         N/A       41%         3
 Freezing Cloud           Conj/Ice/Air   2%         6-21      97%         5
 Alistair's Intoxication  Alch           2%         N/A       99%         5
 Borgnjor's Vile Clutch   Necr/Erth      1%         N/A       99%         5
 Eringya's Noxious Bog    Alch           1%         4d6       100%        6


Dungeon Overview and Level Annotations

Branches:
Dungeon (3/15)

Altars:
Cheibriados
Qazlal
Ru

Shops:
D:2 (


Innate Abilities, Weirdness & Mutations

Your spellcasting is much less encumbered by armour.
You can use scrolls of enchantment on lesser artefacts.


Message History

Cheibriados appreciates the change of pace.
The gnoll hits you with a +0 flail.
The gnoll hits you but does no damage. x2
There is an open door, spattered with blood here.
The gnoll misses you. The gnoll hits you with a +0 flail.
The gnoll hits you with a +0 whip. The gnoll hits you but does no damage.
The gnoll hits you with a +0 flail.
Things that are here:
10 gold pieces; a +0 whip You hit the gnoll.
The gnoll is moderately wounded.
The gnoll closely misses you. The kobold hits you but does no damage.
The gnoll hits you but does no damage. The gnoll misses you.
You hit the gnoll.
The gnoll is poisoned.
The gnoll is heavily wounded.
The gnoll hits you but does no damage. The kobold hits you but does no damage.
The gnoll hits you with a +0 flail! The gnoll hits you with a +0 whip.
* * * LOW HITPOINT WARNING * * *
The flow of time bends around you.
The kobold resists with some effort.
The gnoll resists with some effort.
Cheibriados rebukes the gnoll.
The gnoll seems to slow down.
Cheibriados rebukes the gnoll.
The gnoll seems to slow down.
The gnoll barely misses you. The kobold misses you.
The gnoll closely misses you. The gnoll hits you with a +0 flail.
* * * LOW HITPOINT WARNING * * *
You hit the gnoll but do no damage.
The gnoll looks as sick as possible!
The gnoll is heavily wounded.
The gnoll hits you but does no damage. The kobold closely misses you.
You hit the gnoll but do no damage. The gnoll misses you.
The gnoll completely misses you. The gnoll hits you with a +0 spear.
* * * LOW HITPOINT WARNING * * *
The kobold hits you with a +0 short sword.
* * * LOW HITPOINT WARNING * * *
Okay, then.
It was a potion of heal wounds.
You feel much better.
You kill the gnoll!
Cheibriados appreciates the change of pace.
The gnoll barely misses you. The kobold hits you but does no damage.
The gnoll hits you but does no damage.
Your Spellcasting skill increases to level 3!
Casting: Scorch (safe; 2% risk of failure)
Confirm with . or Enter, or press ? or * to list all spells.
You don't have enough magic to cast this spell.
Magic courses through your body. The gnoll hits you with a +0 spear.
The kobold hits you but does no damage. The gnoll completely misses you.
The gnoll hits you with a +0 flail!
Casting: Scorch (safe; 2% risk of failure)
Confirm with . or Enter, or press ? or * to list all spells.
Flames lash the gnoll.
The gnoll is heavily wounded.
The gnoll's fire resistance burns away.
The gnoll barely misses you. The kobold hits you but does no damage.
The gnoll hits you with a +0 club.
Casting: Scorch (safe; 2% risk of failure)
Confirm with . or Enter, or press ? or * to list all spells.
Flames lash the gnoll.
The gnoll is severely wounded.
The gnoll's fire resistance burns away.
The gnoll hits you but does no damage. The kobold hits you but does no damage.
The gnoll hits you but does no damage. x2
Unknown command.
Casting: Scorch (safe; 2% risk of failure)
Confirm with . or Enter, or press ? or * to list all spells.
Flames lash the gnoll.
The gnoll is heavily wounded.
The gnoll's fire resistance burns away.
The gnoll closely misses you. The kobold hits you but does no damage.
The gnoll closely misses you. The gnoll barely misses you.
You hit the gnoll but do no damage.
The gnoll is poisoned.
The gnoll is severely wounded.
The gnoll hits you but does no damage.
The kobold hits you with a +0 short sword.
The gnoll hits you but does no damage.
You barely miss the gnoll.
The gnoll is severely wounded.
The gnoll misses you. The kobold closely misses you.
The gnoll hits you with a +0 flail. The gnoll hits you but does no damage.
You barely miss the gnoll.
The gnoll is severely wounded.
The gnoll is no longer more vulnerable to fire. x2
The gnoll barely misses you. The kobold hits you but does no damage.
The gnoll hits you with a +0 club.
* * * LOW HITPOINT WARNING * * *
The gnoll hits you with a +0 flail!
* * * LOW HITPOINT WARNING * * *
Casting: Scorch (safe; 2% risk of failure)
Confirm with . or Enter, or press ? or * to list all spells.
Flames lash the kobold.
You kill the kobold!
Cheibriados appreciates the change of pace.
The gnoll is no longer more vulnerable to fire.
The gnoll hits you but does no damage. x2
Casting: Scorch (safe; 2% risk of failure)
Confirm with . or Enter, or press ? or * to list all spells.
Flames lash the gnoll.
You kill the gnoll!
Cheibriados appreciates the change of pace.
You can now warp the flow of time around you.
The gnoll hits you with a +0 spear!
You die...
Cheibriados appreciates the motionlessness of death.

#...##############
#...#.............
#...#.............
##)##.............
#).....########..
#≈≈≈≈≈≈≈≈≈#..))..# #..
#≈≈≈≈≈≈≈≈≈#.))).)########..
##≈≈≈≈≈≈≈≈##g##.).).........
#≈≈≈≈≈≈≈≈≈#@$$#...).......§)
#≈≈≈≈≈≈≈≈≈#$g$#.............
#≈≈≈≈≈≈≈≈≈#$$$##############
#≈≈≈≈≈≈≈≈≈#####≈≈≈≈≈≈≈≈≈≈≈≈≈
#≈≈≈≈~≈~≈≈≈≈≈≈≈≈≈≈≈~~≈~≈≈~≈≈
#≈≈~~~~~~~≈~~~~~≈~~~~~~~~~~~
#~~~~~~~~~~~~~~~~~~~~~~~~~~~
#...........................
#...........................


You could see 2 gnolls.

Vanquished Creatures
  A howler monkey (D:2)
  A bombardier beetle (D:3)
  An orc wizard (D:3)
  2 adders (D:3)
  3 gnolls (D:3)
  A ribbon worm (D:2)
  4 dart slugs
  An orc (D:3)
  4 bats
  6 endoplasms
  5 giant cockroaches
  20 goblins
  9 hobgoblins
  6 jackals
  2 quokkas
  6 ball pythons
  9 kobolds
  9 rats
90 creatures vanquished.

Vanquished Creatures (collateral kills)
  3 foxfires (D:1)
3 creatures vanquished.

Vanquished Creatures (others)
  251 foxfires
251 creatures vanquished.

Grand Total: 344 creatures vanquished

Notes
Turn   | Place    | Note
-------+----------+-------------------------------------------
     0 | D:1      | GloriousHammer the Mountain Dwarf Fire Elementalist began
                  | the quest for the Orb.
     0 | D:1      | Reached XP level 1. HP: 14/14 MP: 3/3
   142 | D:1      | Reached skill level 1 in Conjurations
   190 | D:1      | Reached XP level 2. HP: 14/20 MP: 1/4
   493 | D:1      | Reached skill level 1 in Armour
   624 | D:1      | Reached skill level 4 in Fire Magic
   759 | D:1      | Reached XP level 3. HP: 11/26 MP: 1/6
  1560 | D:2      | Found Canimocsoi's Weapon Shoppe.
  1711 | D:2      | Found a faded altar of an unknown god.
  1716 | D:2      | Prayed at the altar of an unknown god.
  1716 | D:2      | Became a worshipper of Cheibriados the Contemplative
  1716 | D:2      | Reached * piety under Cheibriados
  1892 | D:2      | Reached XP level 4. HP: 33/33 MP: 2/7
  1970 | D:2      | Learned a level 2 spell: Scorch
  1974 | D:2      | Learned a level 3 spell: Inner Flame
  2227 | D:3      | Found a stormy altar of Qazlal.
  2431 | D:3      | Found a sacrificial altar of Ru.
  2492 | D:3      | Reached ** piety under Cheibriados
  2493 | D:3      | Reached XP level 5. HP: 38/38 MP: 1/9
  2714 | D:3      | Reached skill level 1 in Hexes
  3485 | D:3      | Reached skill level 5 in Fire Magic
  3606 | D:3      | Reached *** piety under Cheibriados
  3606 | D:3      | Slain by a gnoll

Illustrated notes

Levels and vault maps discovered:
D:1:      lemuel_arrival_muddy, layout_rooms, serial_bayou_lagoon_a
D:2:      layout_loops_ring, serial_shops, shop,
          chequers_ecumenical_altar_simple
D:3:      minmay_goblin_kobold_castle, layout_basic,
          nicolae_ru_great_annihilating_truth, mainiacjoe_overflow_chevrons

Skill      XL: |  1  2  3  4  5 |
---------------+----------------+-----
Conjurations   | 1 |  1.9
Spellcasting   | 2 3 |  3.0
Armour         | 1 2 |  2.9
Fire Magic     | 4 5 |  5.0
Hexes          | 1 |  1.5
Dodging        | |  1.4
Stealth        | |  1.4

Action                     |  1- 3 |  4- 6 || total
---------------------------+-------+-------++-------
  Melee: Dagger            |    48 |    25 ||    73
         Mace              |     1 |       ||     1
   Cast: Foxfire           |    70 |    83 ||   153
         Scorch            |       |     9 ||     9
 Invoke: Bend Time         |       |     1 ||     1
    Use: Potion            |       |     2 ||     2
 Armour: Ring mail         |    65 |    74 ||   139
  Dodge: Dodged            |    41 |    45 ||    86

Table legend: (Time is in decaauts)
 A = Elapsed time spent in this place.
 B = Non-inter-level travel time spent in this place.
 C = Inter-level travel time spent in this place.
 D = Time resting spent in this place.
 E = Time spent auto-exploring this place.
 F = Levels seen in this place.
 G = Mean time per level.
                   A        B        C        D        E       F      G
               +--------+--------+--------+--------+--------+-----+--------+
         Total |   4045 |   3993 |     52 |     65 |   3189 |   3 | 1348.3 |
       Dungeon |   4045 |   3993 |     52 |     65 |   3189 |   3 | 1348.3 |
               +--------+--------+--------+--------+--------+-----+--------+

Top non-repeatable levels by time:
     D:3: 1969 daAuts
     D:1: 1083 daAuts
     D:2: 992 daAuts
